 Dungeon Crawl Stone Soup version 0.30.0-30-g96aa6591b8 (webtiles) character file.

Game seed: 8019362489369515990

1005 cheesebisquit the Trooper (level 8, 4/62 HPs)
             Began as a Djinni Fire Elementalist on June 26, 2023.
             Was a Follower of Makhleb.
             Quit the game on level 5 of the Dungeon.
             The game lasted 00:16:16 (3622 turns).

cheesebisquit the Trooper (DjFE)                    Turns: 3622, Time: 00:16:17

Health: 4/62       AC:  5    Str:  7    XL:     8   Next: 44%
Gold:   191        EV: 12    Int: 19    God:    Makhleb [*.....] SH:  0 Dex: 14

rFire   + + .        u - +2 dagger (venom)
rCold   x . .        (no shield)
rNeg    . . .        a - +0 robe
rPois   ∞            (no helmet)
rElec   .            c - +0 cloak
rCorr   .            j - +1 pair of gloves
SInv    .            (boots unavailable)
Will    .....        s - amulet of regeneration
Stlth   ++           (no ring)
HPRegen 1.10/turn    (no ring)
MPRegen 0.00/turn

%: no passive effects
@: flying, very slightly contaminated
A: sickness immunity, fire resistance 2, cold vulnerability 1, float, innate
caster, HP casting, extra vitality 1
a: Renounce Religion


You were on level 5 of the Dungeon.
You worshipped Makhleb.
Makhleb was aware of your devotion.
You visited 2 branches of the dungeon, and saw 6 of its levels.

You collected 191 gold pieces.

Inventory:

Hand Weapons
 u - a +2 dagger of venom (weapon)
Missiles
 m - 25 poisoned darts
 o - 2 throwing nets
 t - a curare-tipped dart
Armour
 a - a +0 robe (worn)
 c - a +0 cloak (worn)
 j - a +1 pair of gloves (worn)
Jewellery
 s - an amulet of regeneration (around neck)
Wands
 i - a wand of charming (8)
 l - a wand of flame (15)
Scrolls
 d - 4 scrolls of vulnerability
 e - a scroll of torment
 f - 6 scrolls of amnesia
 g - a scroll of fog {unknown}
 k - a scroll of fear {unknown}
 n - a scroll of noise {unknown}
 p - a scroll of magic mapping
 r - a scroll of butterflies {unknown}
 v - a scroll of silence {unknown}
Potions
 b - 2 potions of mutation
 h - 2 potions of brilliance
 q - a potion of invisibility


   Skills:
 + Level 6.3 Fighting
 - Level 2.1 Dodging
 - Level 1.5 Stealth
 + Level 5.5 Spellcasting


You knew the following spells:

 Your Spells              Type           Power      Damage    Failure   Level
a - Foxfire               Conj/Fire      100%       2x1d9     1%          1
b - Scorch                Fire           52%        2d7       1%          2
c - Volatile Blastmotes   Fire/Tloc      52%        2d14      3%          3
d - Inner Flame           Hex/Fire       26%        N/A       3%          3
e - Flame Wave            Conj/Fire      26%        2d8       12%         4
f - Kiss of Death         Conj/Necr      100%       2d13      1%          1
g - Momentum Strike       Conj/Tloc      52%        3d9       1%          2
h - Frozen Ramparts       Ice            52%        1d8       3%          3
Your spell library was empty.

Dungeon Overview and Level Annotations

Branches:
Dungeon (5/15)             Temple (1/1) D:4

Altars:
Dithmenos
Elyvilon
Fedhas
Hepliaklqana
Makhleb
Nemelex Xobeh
Okawaru
Ru
Trog
Uskayaw
Wu Jian
Xom
Yredelemnul
The Shining One


Innate Abilities, Weirdness & Mutations

You are immune to sickness and miasma.
You are immune to poison.
Your flesh is very heat resistant. (rF++)
You are vulnerable to cold. (rC-)
You float through the air rather than walking.
You learn spells naturally, not from books.
Your magical power is your life essence.
You have superior vitality. (+4 MHP)


Message History

A wave of flame ripples out!
The flame wave engulfs the gnoll!
You kill the gnoll!
Makhleb accepts your kill.
You feel better. (Press . to intensify the flame waves.)
A howler monkey comes into view.
The gnoll sergeant closely misses you.
The gnoll throws a boomerang.
The boomerang hits you. The gnoll hits you but does no damage.
Casting: Flame Wave (dangerous; 12% risk of failure)
Confirm with . or Enter, or press ? or * to list all spells.
Restarting spell: Flame Wave (dangerous; 12% risk of failure)
Press: ? - help, Dir - look around, f - activate A wave of flame ripples out!
The flame wave engulfs the gnoll bouda!
The gnoll bouda is heavily wounded. (Press . to intensify the flame waves.)
The gnoll sergeant closely misses you.
The gnoll hits you from afar with a +0 spear.
The gnoll bouda hits you with a +0 club.
* * * LOW HITPOINT WARNING * * *
Casting: Flame Wave (dangerous; 12% risk of failure)
Confirm with . or Enter, or press ? or * to list all spells.
Restarting spell: Flame Wave (dangerous; 12% risk of failure)
Press: ? - help, Dir - look around, f - activate A wave of flame ripples out!
The flame wave engulfs the gnoll!
The gnoll is heavily wounded.
The flame wave engulfs the gnoll bouda!
The gnoll bouda is almost dead. (Press . to intensify the flame waves.)
* * * LOW HITPOINT WARNING * * *
The gnoll barely misses you.
The gnoll sergeant hits you from afar with a +0 spear!
* * * LOW HITPOINT WARNING * * *
The gnoll closely misses you. The gnoll bouda misses you.
Casting: Flame Wave (dangerous; 12% risk of failure)
Confirm with . or Enter, or press ? or * to list all spells.
You don't have enough health to cast this spell.
Unknown command.
The gnoll throws a boomerang.
The boomerang misses you.
Okay, then.
Are you sure you want to abandon this character and quit the game? (Confirm with "yes".)

........#....#
........#....#
........#....#+
...............
........g......
......)g(......
.......g# ......#g#
......#@#
......#.##
.........##########
...................
.................#
.................##
..................#
.##.....).........#
.................#


You could see a gnoll bouda and 3 gnolls.

Vanquished Creatures
  Grinder (D:3)
  Sigmund (D:2)
  The ghost of Jakamomo the Chopper, an amateur MiBe of Trog (D:4)
  An ogre (D:5)
  A kobold brigand (D:4)
  A scorpion (D:4)
  A howler monkey (D:4)
  An iguana (D:5)
  A sleepcap (D:5)
  9 adders
  8 gnolls
  An ufetubus (D:4)
  A worm (D:3)
  2 dart slugs
  2 endoplasms
  A giant cockroach (D:3)
  5 goblins
  7 hobgoblins
  3 jackals (D:2)
  A quokka (D:1)
  4 ball pythons
  2 bats (D:1)
  6 frilled lizards
  27 kobolds
  9 rats
97 creatures vanquished.

Vanquished Creatures (collateral kills)
  17 foxfires (D:4)
17 creatures vanquished.

Vanquished Creatures (others)
  172 foxfires
172 creatures vanquished.

Grand Total: 286 creatures vanquished

Notes
Turn   | Place    | Note
-------+----------+-------------------------------------------
     0 | D:1      | cheesebisquit the Djinni Fire Elementalist began the quest
                  | for the Orb.
     0 | D:1      | cheesebisquit set off with the following spells memorised:
                  | Foxfire, Scorch, Volatile Blastmotes, Inner Flame, Flame
                  | Wave.
     0 | D:1      | Reached XP level 1. HP: 15/15 MP: 0/0
   207 | D:1      | Reached XP level 2. HP: 22/22 MP: 0/0
   211 | D:1      | Reached skill level 1 in Fighting
   617 | D:2      | Noticed Sigmund
   629 | D:2      | Killed Sigmund
   630 | D:2      | Reached skill level 3 in Fighting
   630 | D:2      | Reached XP level 3. HP: 7/30 MP: 0/0
   630 | D:2      | Learned a level 1 spell: Kiss of Death
   630 | D:2      | Reached XP level 4. HP: 9/35 MP: 0/0
   630 | D:2      | Reached XP level 5. HP: 10/40 MP: 0/0
   630 | D:2      | Learned a level 2 spell: Momentum Strike
   783 | D:2      | Reached XP level 6. HP: 38/46 MP: 0/0
  1220 | D:2      | Reached skill level 4 in Fighting
  1639 | D:3      | Noticed Grinder
  1647 | D:3      | Killed Grinder
  1648 | D:3      | Reached XP level 7. HP: 19/53 MP: 0/0
  1648 | D:3      | Learned a level 3 spell: Frozen Ramparts
  2111 | D:3      | Found a shimmering altar of Xom.
  2212 | D:3      | Found a shadowy altar of Dithmenos.
  2213 | D:3      | Found a hazy altar of Hepliaklqana.
  2468 | D:4      | Found a staircase to the Ecumenical Temple.
  2475 | Temple   | Entered the Ecumenical Temple
  2634 | Temple   | Became a worshipper of Makhleb the Destroyer
  2652 | D:4      | Reached skill level 5 in Fighting
  2710 | D:4      | Reached * piety under Makhleb
  2835 | D:4      | Found a runed translucent door.
  2846 | D:4      | Noticed Jakamomo's ghost (amateur MiBe)
  2863 | D:4      | Killed Jakamomo's ghost
  2864 | D:4      | Reached skill level 5 in Spellcasting
  2864 | D:4      | Reached XP level 8. HP: 22/60 MP: 0/0
  3583 | D:5      | Entered Level 5 of the Dungeon
  3590 | D:5      | Reached skill level 6 in Fighting
  3619 | D:5      | HP: 2/62 [gnoll sergeant/+0 spear (11)]
  3622 | D:5      | Quit the game

Illustrated notes

Levels and vault maps discovered:
D:1:      dpeg_arrival_signposts, layout_rooms
D:2:      layout_basic, uniq_sigmund
D:3:      layout_loops_ring, xom_teletrap_fun, mainiacjoe_overflow_alcove_3,
          uniq_grinder
D:4:      kennysheep_kobold_camp, layout_basic, minmay_temple_entry_crystal_x,
          ebering_ghost_sewer_d, minmay_misc_feat_hallway
D:5:      layout_cave_pools, serial_gnoll_camp, gnoll_camp_mini_hut,
          gnoll_camp_mini_basic, gnoll_camp_medium_02, gnoll_camp_mini_basic,
          gnoll_camp_mini_hut, kennysheep_generic_room_12, uniq_menkaure,
          uniq_blork_the_orc, uniq_pikel, uniq_eustachio
Temple:   hellmonk_temple_flake

Skill      XL: |  1  2  3  4  5  6  7  8 |
---------------+-------------------------+-----
Fighting       | 3 4 5 6 |  6.3
Spellcasting   | 3 4 5 |  5.5
Dodging        | |  2.1
Stealth        | |  1.5

Action                     |  1- 3 |  4- 6 |  7- 9 || total
---------------------------+-------+-------+-------++-------
  Melee: Spear             |     1 |       |       ||     1
         Whip              |       |     1 |       ||     1
         Dagger            |       |       |     1 ||     1
   Cast: Foxfire           |    25 |    40 |    49 ||   114
         Scorch            |     5 |    23 |    26 ||    54
         Volatile Blastmot |       |     2 |       ||     2
         Frozen Ramparts   |       |       |     7 ||     7
         Flame Wave        |       |       |    11 ||    11
         Inner Flame       |       |       |     1 ||     1
    Use: Scroll            |       |       |     8 ||     8
         Potion            |       |       |     1 ||     1
 Armour: Robe              |     3 |     4 |    22 ||    29
  Dodge: Dodged            |     2 |     6 |    40 ||    48
